Tucson Roadrunners vs Cape Breton Oilers
Created - Monday, September 18, 2023 at 07:10
Goals
|
| Tucson Roadrunners |
2 |
3 |
0 |
5 |
| Cape Breton Oilers |
0 |
4 |
2 |
6 |
|
Shots
|
| Tucson Roadrunners |
10 |
12 |
17 |
39 |
| Cape Breton Oilers |
9 |
16 |
19 |
44 |
|
1st period
1. Tucson Roadrunners , Mark Jankowski 2 (Nicolas Petan 11, Matthew Highmore 4) at 5:50 (PP)
2. Tucson Roadrunners , Nicolas Petan 2 (Carson Soucy 10, Mark Jankowski 5) at 11:44
Penalties :
Sam Carrick (CBO) for Holding (Minor) at 5:26, Benjamin Jones (TRR) for Boarding (Minor) at 7:24, Kevin Bahl (CBO) for Holding Stick (Minor) at 13:13, William Trudeau (CBO) for Holding (Minor) at 15:33, Sam Carrick (CBO) for Fighting (Major) at 18:22, Nick Seeler (TRR) for Fighting (Major) at 18:22
2nd period
3. Tucson Roadrunners , Nicolas Petan 3 (Mark Jankowski 6, Carson Soucy 11) at 0:34
4. Cape Breton Oilers , Max Jones 4 (Parker Kelly 5) at 8:23
5. Cape Breton Oilers , Luke Evangelista 10 (Alexey Toropchenko 4, Leon Gawanke 3) at 9:55
6. Cape Breton Oilers , Will Cuylle 2 (Max Jones 3, Parker Kelly 6) at 10:46
7. Tucson Roadrunners , Matt Nieto 13 (Ross Colton 12, Johnathan Kovacevic 3) at 12:46 (PP)
8. Cape Breton Oilers , Brett Seney 3 (Carl Grundstrom 6) at 17:43
9. Tucson Roadrunners , Benjamin Jones 3 (Simon Benoit 3, Mikhail Maltsev 5) at 19:13
Penalties :
Carson Soucy (TRR) for Hooking (Minor) at 2:14, Brett Seney (CBO) for Tripping (Minor) at 12:16, William Trudeau (CBO) for Fighting (Major) at 12:49, Alex Belzile (TRR) for Fighting (Major) at 12:49
3rd period
10. Cape Breton Oilers , Hudson Fasching 3 (Philip Broberg 4, Carl Grundstrom 7) at 6:29 (PP)
11. Cape Breton Oilers , Will Cuylle 3 (Parker Kelly 7, Kevin Bahl 5) at 16:29
Penalties :
Marian Studenic (TRR) for Hooking (Minor) at 5:23, Leon Gawanke (CBO) for High sticking (Minor) at 6:54
Goalie Stats
Elvis Merzlikins (TRR), 38 saves from 44 shots - (0.864), L, 7-6-0, 59:39 minutes
Matt Villalta (CBO), 34 saves from 39 shots - (0.872), W, 6-7-2, 60:00 minutes
Players Stats for Tucson Roadrunners
Player Name G A P +/- PIM S H SB GA TA FO MP PP MP PK MP
------------------------------------------------------------------------------------
Alex Belzile 0 0 0 -1 5 0 0 0 0 0 2/2 18:04 3:40 2:21
Anthony Richard 0 0 0 -2 0 1 5 0 0 0 0/0 13:05 0:07 0:00
Benjamin Jones 1 0 1 0 2 3 0 0 0 0 1/4 8:33 0:00 0:00
Carson Soucy 0 2 2 -1 2 4 0 3 0 2 0/0 25:56 3:16 1:49
Gage Goncalves 0 0 0 0 0 2 0 0 1 2 0/0 8:13 0:00 0:00
Johnathan Kovacevic 0 1 1 -2 0 1 1 0 0 0 0/0 22:13 3:35 2:57
Marian Studenic 0 0 0 -2 2 1 1 0 0 0 0/1 13:04 0:07 0:00
Mark Jankowski 1 2 3 1 0 4 0 0 1 0 10/18 18:23 3:01 2:21
Matt Nieto 1 0 1 -1 0 4 2 0 0 1 0/1 20:05 3:40 2:34
Matthew Highmore 0 1 1 1 0 3 1 1 0 0 0/1 16:14 3:04 0:09
Mikhail Maltsev 0 1 1 -2 0 4 0 0 0 0 9/15 14:13 0:10 0:00
Nick Seeler 0 0 0 1 5 0 0 1 0 0 0/0 11:53 0:00 0:20
Nicolas Petan 2 1 3 1 0 6 2 1 3 1 0/2 16:39 3:04 0:09
Radim Simek 0 0 0 1 0 1 1 2 0 2 0/0 12:37 0:00 0:03
Robert Hagg 0 0 0 -2 0 0 1 1 1 0 0/0 20:33 3:35 2:17
Ross Colton 0 1 1 -1 0 3 3 0 0 1 11/31 20:05 3:40 2:34
Simon Benoit 0 1 1 -1 0 1 0 3 0 0 0/0 26:50 3:16 2:44
Walker Duehr 0 0 0 0 0 1 1 0 0 0 0/0 8:13 0:00 0:00
Players Stats for Cape Breton Oilers
Player Name G A P +/- PIM S H SB GA TA FO MP PP MP PK MP
------------------------------------------------------------------------------------
Alexey Toropchenko 0 1 1 0 0 2 1 1 2 0 0/6 19:52 2:13 3:12
Brett Seney 1 0 1 0 2 4 2 1 0 0 9/17 14:47 2:08 0:00
Carl Grundstrom 0 2 2 0 0 6 0 0 2 0 0/0 18:30 2:02 3:28
Dylan McIlrath 0 0 0 2 0 0 2 2 0 1 0/0 22:22 2:04 3:46
Hudson Fasching 1 0 1 0 0 6 0 0 0 0 0/1 14:45 2:05 0:00
Jonah Gadjovich 0 0 0 -1 0 1 0 0 2 0 0/0 8:00 0:00 0:00
Kevin Bahl 0 1 1 -1 2 3 2 1 1 1 0/0 26:43 3:00 2:14
Leon Gawanke 0 1 1 2 2 1 0 3 0 0 0/0 19:37 2:04 2:29
Luke Evangelista 1 0 1 0 0 2 1 0 2 0 2/6 19:53 2:16 3:20
Matt Luff 0 0 0 -1 0 0 0 0 0 0 0/0 8:00 0:00 0:00
Max Jones 1 1 2 3 0 5 4 0 0 0 0/0 13:57 0:47 0:22
Noel Acciari 0 0 0 0 0 3 2 0 0 0 22/29 19:53 2:16 3:20
Parker Kelly 0 3 3 3 0 1 1 0 0 0 4/9 13:14 0:35 0:00
Philip Broberg 0 1 1 -2 0 3 0 2 0 0 0/0 27:49 3:00 3:24
Sam Carrick 0 0 0 -1 7 1 2 0 0 1 5/7 8:24 0:17 0:00
Vladislav Kolyachonok 0 0 0 2 0 0 1 0 0 2 0/0 12:21 0:00 0:21
Will Cuylle 2 0 2 3 0 6 3 0 0 1 0/0 13:19 0:33 0:00
William Trudeau 0 0 0 1 7 0 1 2 0 0 0/0 11:36 0:00 1:28
3 Stars
1 - Will Cuylle (CBO)
2 - Nicolas Petan (TRR)
3 - Max Jones (CBO)
Power Play
Tucson Roadrunners - 2 on 5 Attempt(s) - 40.00%
Cape Breton Oilers - 1 on 3 Attempt(s) - 33.33%
Penalty Kill
Tucson Roadrunners - 2 on 3 Attempt(s) - 66.67%
- Score 0 goal in Penalty Kill
Cape Breton Oilers - 3 on 5 Attempt(s) - 60.00%
- Score 0 goal in Penalty Kill
Team Stat
Tucson Roadrunners - Hits : 18 - Faceoff Wins : 33 - Blocked Shots : 12 - Penalty Minutes : 16
Cape Breton Oilers - Hits : 22 - Faceoff Wins : 42 - Blocked Shots : 12 - Penalty Minutes : 20
Official
Referees : Chris Lee and Trevor Hanson
Linesman : Scott Driscoll and John Grandt
Game Notes
Sam Carrick beats up Nick Seeler at 18:22 of 1st period
William Trudeau and Alex Belzile fight to a draw at 12:49 of 2nd period
Tucson Roadrunners
5 vs 5 Forward
Center Left Wing Right Wing Time % Phy DF OF
1 Ross Colton Matt Nieto Alex Belzile 30 1 2 2
2 Mark Jankowski Nicolas Petan Matthew Highmore 30 1 2 2
3 Mikhail Maltsev Anthony Richard Marian Studenic 25 1 2 2
4 Benjamin Jones Gage Goncalves Walker Duehr 15 1 2 2
5 vs 5 Defense
Defense Defense Time % Phy DF OF
1 Simon Benoit Carson Soucy 30 1 2 2
2 Johnathan Kovacevic Robert Hagg 30 1 2 2
3 Radim Simek Nick Seeler 25 1 2 2
4 Simon Benoit Carson Soucy 15 1 2 2
PowerPlay Forward
Center Left Wing Right Wing Time % Phy DF OF
1 Ross Colton Matt Nieto Alex Belzile 50 1 2 2
2 Mark Jankowski Nicolas Petan Matthew Highmore 50 1 2 2
PowerPlay Defense
Defense Defense Time % Phy DF OF
1 Simon Benoit Carson Soucy 50 1 2 2
2 Johnathan Kovacevic Robert Hagg 50 1 2 2
Penalty Kill 4 Players Forward
Center Wing Time % Phy DF OF
1 Ross Colton Matt Nieto 50 1 2 2
2 Mark Jankowski Alex Belzile 50 1 2 2
Penalty Kill 4 Players Defense
Defense Defense Time % Phy DF OF
1 Simon Benoit Carson Soucy 50 1 2 2
2 Johnathan Kovacevic Robert Hagg 50 1 2 2
Penalty Kill - 3 Players Forward
Forward Time % Phy DF OF
1 Ross Colton 50 1 2 2
2 Matt Nieto 50 1 2 2
Penalty Kill - 3 Players Defense
Defense Defense Time % Phy DF OF
1 Simon Benoit Carson Soucy 50 1 2 2
2 Johnathan Kovacevic Robert Hagg 50 1 2 2
4 vs 4 Forward
Center Wing Time % Phy DF OF
1 Ross Colton Matt Nieto 50 1 2 2
2 Mark Jankowski Alex Belzile 50 1 2 2
4 vs 4 Defense
Defense Defense Time % Phy DF OF
1 Simon Benoit Carson Soucy 50 1 2 2
2 Johnathan Kovacevic Robert Hagg 50 1 2 2
Last Minutes Offensive
Center Left Wing Right Wing Defense Defense
Ross Colton Matt Nieto Alex Belzile Simon Benoit Carson Soucy
Last Minutes Defensive
Center Left Wing Right Wing Defense Defense
Ross Colton Matt Nieto Alex Belzile Simon Benoit Carson Soucy
Goaltenders
Starting : Elvis Merzlikins
Backup : Jaroslav Halak
Extra Forwards
Normal : Mikhail Maltsev, Anthony Richard, Benjamin Jones - PP : Mikhail Maltsev, Anthony Richard - PK : Benjamin Jones
Extra Defensemen
Normal : Radim Simek, Nick Seeler, Johnathan Kovacevic - PP : Radim Simek - PK : Nick Seeler, Johnathan Kovacevic
Penalty Shots
Ross Colton, Matt Nieto, Mark Jankowski, Alex Belzile, Nicolas Petan
Cape Breton Oilers
5 vs 5 Forward
Center Left Wing Right Wing Time % Phy DF OF
1 Noel Acciari Alexey Toropchenko Luke Evangelista 30 1 2 2
2 Brett Seney Carl Grundstrom Hudson Fasching 30 1 2 2
3 Parker Kelly Will Cuylle Max Jones 25 1 2 2
4 Sam Carrick Jonah Gadjovich Matt Luff 15 1 2 2
5 vs 5 Defense
Defense Defense Time % Phy DF OF
1 Kevin Bahl Philip Broberg 30 1 2 2
2 Dylan McIlrath Leon Gawanke 30 1 2 2
3 Vladislav Kolyachonok William Trudeau 25 1 2 2
4 Kevin Bahl Philip Broberg 15 1 2 2
PowerPlay Forward
Center Left Wing Right Wing Time % Phy DF OF
1 Noel Acciari Alexey Toropchenko Luke Evangelista 50 1 2 2
2 Brett Seney Carl Grundstrom Hudson Fasching 50 1 2 2
PowerPlay Defense
Defense Defense Time % Phy DF OF
1 Kevin Bahl Philip Broberg 50 1 2 2
2 Dylan McIlrath Leon Gawanke 50 1 2 2
Penalty Kill 4 Players Forward
Center Wing Time % Phy DF OF
1 Luke Evangelista Noel Acciari 50 1 2 2
2 Alexey Toropchenko Carl Grundstrom 50 1 2 2
Penalty Kill 4 Players Defense
Defense Defense Time % Phy DF OF
1 Kevin Bahl Philip Broberg 50 1 2 2
2 Dylan McIlrath Leon Gawanke 50 1 2 2
Penalty Kill - 3 Players Forward
Forward Time % Phy DF OF
1 Luke Evangelista 50 1 2 2
2 Noel Acciari 50 1 2 2
Penalty Kill - 3 Players Defense
Defense Defense Time % Phy DF OF
1 Kevin Bahl Philip Broberg 50 1 2 2
2 Dylan McIlrath Leon Gawanke 50 1 2 2
4 vs 4 Forward
Center Wing Time % Phy DF OF
1 Luke Evangelista Noel Acciari 50 1 2 2
2 Alexey Toropchenko Carl Grundstrom 50 1 2 2
4 vs 4 Defense
Defense Defense Time % Phy DF OF
1 Kevin Bahl Philip Broberg 50 1 2 2
2 Dylan McIlrath Leon Gawanke 50 1 2 2
Last Minutes Offensive
Center Left Wing Right Wing Defense Defense
Noel Acciari Alexey Toropchenko Luke Evangelista Kevin Bahl Philip Broberg
Last Minutes Defensive
Center Left Wing Right Wing Defense Defense
Noel Acciari Alexey Toropchenko Luke Evangelista Kevin Bahl Philip Broberg
Goaltenders
Starting : Matt Villalta
Backup : Jack LaFontaine
Extra Forwards
Normal : Will Cuylle, Parker Kelly, Max Jones - PP : Will Cuylle, Parker Kelly - PK : Max Jones
Extra Defensemen
Normal : Vladislav Kolyachonok, William Trudeau, Dylan McIlrath - PP : Vladislav Kolyachonok - PK : William Trudeau, Dylan McIlrath
Penalty Shots
Luke Evangelista, Noel Acciari, Alexey Toropchenko, Carl Grundstrom, Hudson Fasching
% Time on Ice - Tucson Roadrunners
Lines # - Real PCT - Wanted PCT - Time Play
Normal Forward
1 - 27% - 30% - 12:58
2 - 28% - 30% - 13:03
3 - 27% - 25% - 12:58
4 - 17% - 15% - 8:13
Normal Defense
1 - 32% - 30% - 14:53
2 - 32% - 30% - 14:57
3 - 24% - 25% - 11:25
4 - 13% - 15% - 5:57
PP Forward
1 - 54% - 50% - 3:40
2 - 46% - 50% - 3:11
PP Defense
1 - 48% - 50% - 3:16
2 - 52% - 50% - 3:35
PK Forward
1 - 51% - 50% - 2:34
2 - 49% - 50% - 2:30
PK Defense
1 - 54% - 50% - 2:44
2 - 46% - 50% - 2:20
PK3 Forward
1 - 0% - 50%
2 - 0% - 50%
PK3 Defense
1 - 0% - 50%
2 - 0% - 50%
44 Forward
1 - 0% - 50%
2 - 0% - 50%
44 Defense
1 - 0% - 50%
2 - 0% - 50%
Last Minute Offensive - 0:53
Last Minute Defensive - 0:00
Total
Forward - 60:00
Defense - 60:00
|
% Time on Ice - Cape Breton Oilers
Lines # - Real PCT - Wanted PCT - Time Play
Normal Forward
1 - 28% - 30% - 13:20
2 - 28% - 30% - 13:18
3 - 27% - 25% - 12:30
4 - 17% - 15% - 8:00
Normal Defense
1 - 31% - 30% - 14:50
2 - 31% - 30% - 14:40
3 - 25% - 25% - 11:54
4 - 12% - 15% - 5:44
PP Forward
1 - 52% - 50% - 2:39
2 - 48% - 50% - 2:25
PP Defense
1 - 59% - 50% - 3:00
2 - 41% - 50% - 2:04
PK Forward
1 - 49% - 50% - 3:20
2 - 51% - 50% - 3:31
PK Defense
1 - 50% - 50% - 3:24
2 - 50% - 50% - 3:27
PK3 Forward
1 - 0% - 50%
2 - 0% - 50%
PK3 Defense
1 - 0% - 50%
2 - 0% - 50%
44 Forward
1 - 0% - 50%
2 - 0% - 50%
44 Defense
1 - 0% - 50%
2 - 0% - 50%
Last Minute Offensive - 0:00
Last Minute Defensive - 0:57
Total
Forward - 60:00
Defense - 60:00
|
Play-by-Play
1st period
0:01 of 1st period - Noel Acciari wins face-off versus Ross Colton in neutral zone.
0:06 of 1st period - Wrist shot by Luke Evangelista.
0:06 of 1st period - Shot Misses the Net.
0:12 of 1st period - Wrist shot by Noel Acciari.
0:12 of 1st period - Shot Misses the Net.
0:14 of 1st period - Snap shot by Noel Acciari.
0:14 of 1st period - Stopped by Elvis Merzlikins without a rebound.
0:15 of 1st period - Brett Seney wins face-off versus Mark Jankowski in Tucson Roadrunners zone.
0:22 of 1st period - Snap shot by Hudson Fasching.
0:22 of 1st period - Stopped by Elvis Merzlikins with a rebound.
1:57 of 1st period - Carson Soucy is hit by Brett Seney and loses puck.
2:10 of 1st period - Max Jones is hit by Anthony Richard and loses puck.
2:17 of 1st period - Marian Studenic is hit by Parker Kelly and loses puck.
2:40 of 1st period - Wrist shot by Walker Duehr.
2:40 of 1st period - Shot Misses the Net.
3:20 of 1st period - Snap shot by Matthew Highmore.
3:20 of 1st period - Deflect By Nicolas Petan.
3:20 of 1st period - Stopped by Matt Villalta with a rebound.
3:22 of 1st period - Slapshot by Simon Benoit.
3:22 of 1st period - Deflect By Carl Grundstrom.
3:22 of 1st period - Stopped by Matt Villalta with a rebound.
4:00 of 1st period - Snap shot by Jonah Gadjovich.
4:00 of 1st period - Stopped by Elvis Merzlikins with a rebound.
4:24 of 1st period - Wrist shot by Benjamin Jones.
4:24 of 1st period - Stopped by Matt Villalta with a rebound.
4:26 of 1st period - Slapshot by Johnathan Kovacevic.
4:26 of 1st period - Shot Misses the Net.
5:16 of 1st period - Anthony Richard is hit by Sam Carrick and loses puck.
5:26 of 1st period - Minor Penalty to Sam Carrick for Holding.
5:27 of 1st period - Ross Colton wins face-off versus Luke Evangelista in Cape Breton Oilers zone.
5:38 of 1st period - Wrist shot by Matt Nieto.
5:38 of 1st period - Deflect By Ross Colton.
5:38 of 1st period - Shot Blocked by Leon Gawanke.
5:38 of 1st period - Puck is out of play.
5:39 of 1st period - Mark Jankowski wins face-off versus Alexey Toropchenko in Cape Breton Oilers zone.
5:50 of 1st period - Wrist shot by Nicolas Petan.
5:50 of 1st period - Deflect By Mark Jankowski.
5:50 of 1st period - Goal by Mark Jankowski - Tucson Roadrunners : 1 - Cape Breton Oilers : 0.
5:51 of 1st period - Ross Colton wins face-off versus Brett Seney in neutral zone.
5:51 of 1st period - Ross Colton is hit by Kevin Bahl.
6:26 of 1st period - Snap shot by Benjamin Jones.
6:26 of 1st period - Shot Blocked by Leon Gawanke.
6:37 of 1st period - Carl Grundstrom is hit by Walker Duehr and loses puck.
7:15 of 1st period - Slapshot by Brett Seney.
7:15 of 1st period - Stopped by Elvis Merzlikins with a rebound.
7:17 of 1st period - Slapshot by Leon Gawanke.
7:17 of 1st period - Stopped by Elvis Merzlikins with a rebound.
7:24 of 1st period - Minor Penalty to Benjamin Jones for Boarding.
7:25 of 1st period - Noel Acciari wins face-off versus Ross Colton in Tucson Roadrunners zone.
8:03 of 1st period - Leon Gawanke is hit by Robert Hagg and loses puck.
8:16 of 1st period - Parker Kelly is hit by Matt Nieto and loses puck.
8:25 of 1st period - Simon Benoit is hit by Kevin Bahl and loses puck.
9:24 of 1st period - Penalty to Benjamin Jones is over, Benjamin Jones is back on ice.
9:32 of 1st period - Icing by Nick Seeler.
9:33 of 1st period - Sam Carrick wins face-off versus Mikhail Maltsev in Tucson Roadrunners zone.
9:58 of 1st period - Snap shot by Mark Jankowski.
9:58 of 1st period - Shot Misses the Net.
11:16 of 1st period - Wrist shot by Nicolas Petan.
11:16 of 1st period - Shot Misses the Net.
11:18 of 1st period - Wrist shot by Mark Jankowski.
11:18 of 1st period - Stopped by Matt Villalta without a rebound.
11:19 of 1st period - Noel Acciari wins face-off versus Matthew Highmore in Cape Breton Oilers zone.
11:28 of 1st period - Snap shot by Mark Jankowski.
11:28 of 1st period - Stopped by Matt Villalta with a rebound.
11:38 of 1st period - Wrist shot by Mark Jankowski.
11:38 of 1st period - Shot Blocked by Alexey Toropchenko.
11:40 of 1st period - Slapshot by Nicolas Petan.
11:40 of 1st period - Stopped by Matt Villalta with a rebound.
11:42 of 1st period - Slapshot by Carson Soucy.
11:42 of 1st period - Shot Blocked by Kevin Bahl.
11:44 of 1st period - Wrist shot by Nicolas Petan.
11:44 of 1st period - Goal by Nicolas Petan - Tucson Roadrunners : 2 - Cape Breton Oilers : 0.
11:45 of 1st period - Ross Colton wins face-off versus Alexey Toropchenko in neutral zone.
11:51 of 1st period - Off-side.
11:52 of 1st period - Alex Belzile wins face-off versus Alexey Toropchenko in neutral zone.
12:07 of 1st period - Snap shot by Alexey Toropchenko.
12:07 of 1st period - Stopped by Elvis Merzlikins with a rebound.
12:39 of 1st period - Backhand shot by Hudson Fasching.
12:39 of 1st period - Stopped by Elvis Merzlikins without a rebound.
12:40 of 1st period - Mikhail Maltsev wins face-off versus Brett Seney in Tucson Roadrunners zone.
12:45 of 1st period - Hudson Fasching is hit by Marian Studenic and loses puck.
12:52 of 1st period - Snap shot by Hudson Fasching.
12:52 of 1st period - Shot Misses the Net.
12:54 of 1st period - Wrist shot by Hudson Fasching.
12:54 of 1st period - Shot Misses the Net.
12:56 of 1st period - Wrist shot by Hudson Fasching.
12:56 of 1st period - Shot Misses the Net.
13:10 of 1st period - Snap shot by Ross Colton.
13:10 of 1st period - Deflect By Alexey Toropchenko.
13:10 of 1st period - Shot Misses the Net.
13:10 of 1st period - Puck is out of play.
13:11 of 1st period - Noel Acciari wins face-off versus Ross Colton in Cape Breton Oilers zone.
13:13 of 1st period - Minor Penalty to Kevin Bahl for Holding Stick.
13:14 of 1st period - Ross Colton wins face-off versus Luke Evangelista in Cape Breton Oilers zone.
13:14 of 1st period - Snap shot by Matt Nieto.
13:14 of 1st period - Shot Misses the Net.
13:22 of 1st period - Snap shot by Matt Nieto.
13:22 of 1st period - Shot Misses the Net.
13:24 of 1st period - Snap shot by Matt Nieto.
13:24 of 1st period - Stopped by Matt Villalta without a rebound.
13:25 of 1st period - Mark Jankowski wins face-off versus Alexey Toropchenko in Cape Breton Oilers zone.
15:13 of 1st period - Penalty to Kevin Bahl is over, Kevin Bahl is back on ice.
15:33 of 1st period - Minor Penalty to William Trudeau for Holding.
15:34 of 1st period - Luke Evangelista wins face-off versus Ross Colton in Cape Breton Oilers zone.
15:59 of 1st period - Dylan McIlrath is hit by Nicolas Petan.
16:50 of 1st period - Luke Evangelista is hit by Matthew Highmore and loses puck.
17:33 of 1st period - Penalty to William Trudeau is over, William Trudeau is back on ice.
18:11 of 1st period - Snap shot by Marian Studenic.
18:11 of 1st period - Deflect By Mikhail Maltsev.
18:11 of 1st period - Shot Blocked by William Trudeau.
18:11 of 1st period - Puck is out of play.
18:12 of 1st period - Sam Carrick wins face-off versus Mikhail Maltsev in Cape Breton Oilers zone.
18:22 of 1st period - Sam Carrick beats up Nick Seeler.
18:22 of 1st period - Penalty to Sam Carrick for Fighting.
18:22 of 1st period - Penalty to Nick Seeler for Fighting.
18:23 of 1st period - Noel Acciari wins face-off versus Ross Colton in Tucson Roadrunners zone.
18:55 of 1st period - Wrist shot by Max Jones.
18:55 of 1st period - Stopped by Elvis Merzlikins without a rebound.
18:56 of 1st period - Noel Acciari wins face-off versus Mark Jankowski in Tucson Roadrunners zone.
19:09 of 1st period - Matthew Highmore is hit by Luke Evangelista and loses puck.
19:30 of 1st period - Snap shot by Matthew Highmore.
19:30 of 1st period - Stopped by Matt Villalta without a rebound.
19:31 of 1st period - Parker Kelly wins face-off versus Ross Colton in Cape Breton Oilers zone.
19:31 of 1st period - Parker Kelly is hit by Ross Colton.
19:47 of 1st period - Snap shot by Will Cuylle.
19:47 of 1st period - Stopped by Elvis Merzlikins with a rebound.
19:57 of 1st period - Kevin Bahl is hit by Anthony Richard and loses puck.
Goals for this period are 2 for Tucson Roadrunners vs 0 for Cape Breton Oilers.
Shots for this period are 10 for Tucson Roadrunners vs 9 for Cape Breton Oilers.
2nd period
0:01 of 2nd period - Noel Acciari wins face-off versus Ross Colton in neutral zone.
0:32 of 2nd period - Wrist shot by Mark Jankowski.
0:32 of 2nd period - Shot Misses the Net.
0:34 of 2nd period - Wrist shot by Nicolas Petan.
0:34 of 2nd period - Goal by Nicolas Petan - Tucson Roadrunners : 3 - Cape Breton Oilers : 0.
0:35 of 2nd period - Ross Colton wins face-off versus Noel Acciari in neutral zone.
0:38 of 2nd period - Philip Broberg is hit by Ross Colton.
1:05 of 2nd period - Snap shot by Matthew Highmore.
1:05 of 2nd period - Stopped by Matt Villalta without a rebound.
1:06 of 2nd period - Mark Jankowski wins face-off versus Brett Seney in Cape Breton Oilers zone.
1:17 of 2nd period - Snap shot by Brett Seney.
1:17 of 2nd period - Shot Blocked by Carson Soucy.
1:33 of 2nd period - Slapshot by Carl Grundstrom.
1:33 of 2nd period - Stopped by Elvis Merzlikins with a rebound.
1:35 of 2nd period - Snap shot by Hudson Fasching.
1:35 of 2nd period - Shot Blocked by Carson Soucy.
1:37 of 2nd period - Wrist shot by Hudson Fasching.
1:37 of 2nd period - Stopped by Elvis Merzlikins with a rebound.
1:39 of 2nd period - Slapshot by Carl Grundstrom.
1:39 of 2nd period - Shot Misses the Net.
1:41 of 2nd period - Snap shot by Hudson Fasching.
1:41 of 2nd period - Shot Misses the Net.
1:43 of 2nd period - Slapshot by Carl Grundstrom.
1:43 of 2nd period - Shot Blocked by Matthew Highmore.
1:55 of 2nd period - Wrist shot by Carl Grundstrom.
1:55 of 2nd period - Deflect By Brett Seney.
1:55 of 2nd period - Stopped by Elvis Merzlikins with a rebound.
1:57 of 2nd period - Snap shot by Philip Broberg.
1:57 of 2nd period - Shot Blocked by Simon Benoit.
1:59 of 2nd period - Snap shot by Hudson Fasching.
1:59 of 2nd period - Shot Misses the Net.
2:01 of 2nd period - Slapshot by Philip Broberg.
2:01 of 2nd period - Stopped by Elvis Merzlikins with a rebound.
2:14 of 2nd period - Minor Penalty to Carson Soucy for Hooking.
2:15 of 2nd period - Noel Acciari wins face-off versus Matt Nieto in Tucson Roadrunners zone.
2:21 of 2nd period - Wrist shot by Luke Evangelista.
2:21 of 2nd period - Shot Misses the Net.
2:23 of 2nd period - Snap shot by Noel Acciari.
2:23 of 2nd period - Shot Misses the Net.
2:25 of 2nd period - Wrist shot by Dylan McIlrath.
2:25 of 2nd period - Shot Blocked by Robert Hagg.
2:27 of 2nd period - Snap shot by Noel Acciari.
2:27 of 2nd period - Stopped by Elvis Merzlikins without a rebound.
2:28 of 2nd period - Noel Acciari wins face-off versus Ross Colton in Tucson Roadrunners zone.
2:41 of 2nd period - Slapshot by Luke Evangelista.
2:41 of 2nd period - Shot Misses the Net.
2:43 of 2nd period - Slapshot by Leon Gawanke.
2:43 of 2nd period - Deflect By Luke Evangelista.
2:43 of 2nd period - Shot Misses the Net.
2:43 of 2nd period - Puck is out of play.
2:44 of 2nd period - Mark Jankowski wins face-off versus Noel Acciari in Tucson Roadrunners zone.
3:11 of 2nd period - Johnathan Kovacevic is hit by Dylan McIlrath and loses puck.
3:22 of 2nd period - Penalty to Nick Seeler is over, Nick Seeler is back on ice.
4:04 of 2nd period - Brett Seney is hit by Ross Colton and loses puck.
4:14 of 2nd period - Penalty to Carson Soucy is over, Carson Soucy is back on ice.
5:21 of 2nd period - Icing by Anthony Richard.
5:22 of 2nd period - Mikhail Maltsev wins face-off versus Brett Seney in Tucson Roadrunners zone.
5:30 of 2nd period - Wrist shot by Matt Nieto.
5:30 of 2nd period - Shot Misses the Net.
5:32 of 2nd period - Wrist shot by Carson Soucy.
5:32 of 2nd period - Stopped by Matt Villalta with a rebound.
5:34 of 2nd period - Slapshot by Simon Benoit.
5:34 of 2nd period - Deflect By Matt Nieto.
5:34 of 2nd period - Shot Misses the Net.
5:34 of 2nd period - Puck is out of play.
5:35 of 2nd period - Noel Acciari wins face-off versus Ross Colton in Cape Breton Oilers zone.
7:07 of 2nd period - Matt Nieto is hit by Noel Acciari and loses puck.
7:29 of 2nd period - Wrist shot by Max Jones.
7:29 of 2nd period - Deflect By Will Cuylle.
7:29 of 2nd period - Stopped by Elvis Merzlikins without a rebound.
7:30 of 2nd period - Mark Jankowski wins face-off versus Parker Kelly in Tucson Roadrunners zone.
8:17 of 2nd period - Icing by Ross Colton.
8:18 of 2nd period - Brett Seney wins face-off versus Ross Colton in Tucson Roadrunners zone.
8:19 of 2nd period - Slapshot by Carl Grundstrom.
8:19 of 2nd period - Shot Misses the Net.
8:21 of 2nd period - Wrist shot by Parker Kelly.
8:21 of 2nd period - Stopped by Elvis Merzlikins without a rebound.
8:22 of 2nd period - Parker Kelly wins face-off versus Mark Jankowski in Tucson Roadrunners zone.
8:23 of 2nd period - Slapshot by Max Jones.
8:23 of 2nd period - Goal by Max Jones - Tucson Roadrunners : 3 - Cape Breton Oilers : 1.
8:24 of 2nd period - Noel Acciari wins face-off versus Ross Colton in neutral zone.
8:49 of 2nd period - Will Cuylle is hit by Nicolas Petan.
9:17 of 2nd period - Snap shot by Carl Grundstrom.
9:17 of 2nd period - Shot Blocked by Nick Seeler.
9:19 of 2nd period - Backhand shot by Carl Grundstrom.
9:19 of 2nd period - Shot Blocked by Radim Simek.
9:39 of 2nd period - Wrist shot by Walker Duehr.
9:39 of 2nd period - Stopped by Matt Villalta without a rebound.
9:40 of 2nd period - Ross Colton wins face-off versus Noel Acciari in Cape Breton Oilers zone.
9:43 of 2nd period - Snap shot by Alex Belzile.
9:43 of 2nd period - Shot Misses the Net.
9:55 of 2nd period - Slapshot by Luke Evangelista.
9:55 of 2nd period - Goal by Luke Evangelista - Tucson Roadrunners : 3 - Cape Breton Oilers : 2.
9:56 of 2nd period - Ross Colton wins face-off versus Noel Acciari in neutral zone.
10:44 of 2nd period - Snap shot by Max Jones.
10:44 of 2nd period - Shot Blocked by Carson Soucy.
10:46 of 2nd period - Slapshot by Will Cuylle.
10:46 of 2nd period - Goal by Will Cuylle - Tucson Roadrunners : 3 - Cape Breton Oilers : 3.
10:47 of 2nd period - Noel Acciari wins face-off versus Ross Colton in neutral zone.
11:18 of 2nd period - Wrist shot by Max Jones.
11:18 of 2nd period - Stopped by Elvis Merzlikins with a rebound.
11:20 of 2nd period - Slapshot by Parker Kelly.
11:20 of 2nd period - Shot Misses the Net.
11:22 of 2nd period - Slapshot by Kevin Bahl.
11:22 of 2nd period - Stopped by Elvis Merzlikins with a rebound.
11:24 of 2nd period - Wrist shot by Parker Kelly.
11:24 of 2nd period - Shot Misses the Net.
11:26 of 2nd period - Slapshot by Philip Broberg.
11:26 of 2nd period - Stopped by Elvis Merzlikins with a rebound.
12:08 of 2nd period - Snap shot by Carl Grundstrom.
12:08 of 2nd period - Shot Misses the Net.
12:16 of 2nd period - Minor Penalty to Brett Seney for Tripping.
12:17 of 2nd period - Alex Belzile wins face-off versus Luke Evangelista in Cape Breton Oilers zone.
12:31 of 2nd period - Icing by Johnathan Kovacevic.
12:32 of 2nd period - Ross Colton wins face-off versus Alexey Toropchenko in Tucson Roadrunners zone.
12:39 of 2nd period - Alexey Toropchenko is hit by Johnathan Kovacevic and loses puck.
12:44 of 2nd period - Wrist shot by Ross Colton.
12:44 of 2nd period - Stopped by Matt Villalta with a rebound.
12:46 of 2nd period - Wrist shot by Matt Nieto.
12:46 of 2nd period - Goal by Matt Nieto - Tucson Roadrunners : 4 - Cape Breton Oilers : 3.
12:47 of 2nd period - Noel Acciari wins face-off versus Ross Colton in neutral zone.
12:49 of 2nd period - William Trudeau and Alex Belzile fight to a draw.
12:49 of 2nd period - Penalty to William Trudeau for Fighting.
12:49 of 2nd period - Penalty to Alex Belzile for Fighting.
12:50 of 2nd period - Noel Acciari wins face-off versus Ross Colton in Tucson Roadrunners zone.
13:15 of 2nd period - Simon Benoit is hit by Max Jones and loses puck.
13:20 of 2nd period - Slapshot by Max Jones.
13:20 of 2nd period - Stopped by Elvis Merzlikins with a rebound.
14:04 of 2nd period - Snap shot by Marian Studenic.
14:04 of 2nd period - Shot Blocked by Dylan McIlrath.
14:06 of 2nd period - Snap shot by Mikhail Maltsev.
14:06 of 2nd period - Stopped by Matt Villalta without a rebound.
14:07 of 2nd period - Ross Colton wins face-off versus Noel Acciari in Cape Breton Oilers zone.
14:08 of 2nd period - Wrist shot by Matt Nieto.
14:08 of 2nd period - Stopped by Matt Villalta with a rebound.
14:10 of 2nd period - Snap shot by Ross Colton.
14:10 of 2nd period - Deflect By Matt Nieto.
14:10 of 2nd period - Shot Misses the Net.
14:10 of 2nd period - Puck is out of play.
14:11 of 2nd period - Noel Acciari wins face-off versus Ross Colton in Cape Breton Oilers zone.
14:38 of 2nd period - Snap shot by Gage Goncalves.
14:38 of 2nd period - Stopped by Matt Villalta without a rebound.
14:39 of 2nd period - Benjamin Jones wins face-off versus Parker Kelly in Cape Breton Oilers zone.
14:40 of 2nd period - Slapshot by Walker Duehr.
14:40 of 2nd period - Shot Blocked by Philip Broberg.
14:48 of 2nd period - Slapshot by Kevin Bahl.
14:48 of 2nd period - Shot Blocked by Simon Benoit.
14:50 of 2nd period - Slapshot by Max Jones.
14:50 of 2nd period - Stopped by Elvis Merzlikins without a rebound.
14:51 of 2nd period - Brett Seney wins face-off versus Ross Colton in Tucson Roadrunners zone.
15:20 of 2nd period - Wrist shot by Max Jones.
15:20 of 2nd period - Shot Blocked by Nicolas Petan.
15:40 of 2nd period - Slapshot by Benjamin Jones.
15:40 of 2nd period - Stopped by Matt Villalta with a rebound.
15:48 of 2nd period - Johnathan Kovacevic is hit by Alexey Toropchenko and loses puck.
17:17 of 2nd period - Icing by Nicolas Petan.
17:18 of 2nd period - Ross Colton wins face-off versus Sam Carrick in Tucson Roadrunners zone.
17:18 of 2nd period - Ross Colton is hit by Dylan McIlrath.
17:38 of 2nd period - Marian Studenic is hit by Brett Seney and loses puck.
17:43 of 2nd period - Slapshot by Carl Grundstrom.
17:43 of 2nd period - Deflect By Brett Seney.
17:43 of 2nd period - Goal by Brett Seney - Tucson Roadrunners : 4 - Cape Breton Oilers : 4.
17:44 of 2nd period - Mikhail Maltsev wins face-off versus Brett Seney in neutral zone.
17:46 of 2nd period - Off-side.
17:47 of 2nd period - Mikhail Maltsev wins face-off versus Brett Seney in neutral zone.
18:00 of 2nd period - Off-side.
18:01 of 2nd period - Noel Acciari wins face-off versus Mark Jankowski in neutral zone.
18:26 of 2nd period - Dylan McIlrath is hit by Radim Simek and loses puck.
19:13 of 2nd period - Slapshot by Benjamin Jones.
19:13 of 2nd period - Goal by Benjamin Jones - Tucson Roadrunners : 5 - Cape Breton Oilers : 4.
19:14 of 2nd period - Noel Acciari wins face-off versus Mark Jankowski in neutral zone.
19:46 of 2nd period - Slapshot by Matt Nieto.
19:46 of 2nd period - Shot Blocked by Philip Broberg.
19:48 of 2nd period - Slapshot by Johnathan Kovacevic.
19:48 of 2nd period - Stopped by Matt Villalta with a rebound.
19:58 of 2nd period - Nick Seeler is hit by Max Jones and loses puck.
Goals for this period are 3 for Tucson Roadrunners vs 4 for Cape Breton Oilers.
Shots for this period are 12 for Tucson Roadrunners vs 16 for Cape Breton Oilers.
3rd period
0:01 of 3rd period - Noel Acciari wins face-off versus Mark Jankowski in neutral zone.
0:04 of 3rd period - Snap shot by Noel Acciari.
0:04 of 3rd period - Stopped by Elvis Merzlikins with a rebound.
0:49 of 3rd period - Brett Seney is hit by Anthony Richard and loses puck.
1:12 of 3rd period - Snap shot by Sam Carrick.
1:12 of 3rd period - Stopped by Elvis Merzlikins without a rebound.
1:13 of 3rd period - Mark Jankowski wins face-off versus Sam Carrick in Tucson Roadrunners zone.
1:13 of 3rd period - Mark Jankowski is hit by Sam Carrick.
1:19 of 3rd period - Johnathan Kovacevic is hit by Vladislav Kolyachonok.
2:14 of 3rd period - Johnathan Kovacevic is hit by Max Jones and loses puck.
2:25 of 3rd period - Snap shot by Anthony Richard.
2:25 of 3rd period - Shot Misses the Net.
2:27 of 3rd period - Snap shot by Gage Goncalves.
2:27 of 3rd period - Shot Blocked by Leon Gawanke.
2:29 of 3rd period - Snap shot by Gage Goncalves.
2:29 of 3rd period - Stopped by Matt Villalta with a rebound.
2:31 of 3rd period - Wrist shot by Johnathan Kovacevic.
2:31 of 3rd period - Shot Misses the Net.
2:33 of 3rd period - Wrist shot by Gage Goncalves.
2:33 of 3rd period - Shot Blocked by Brett Seney.
2:35 of 3rd period - Slapshot by Johnathan Kovacevic.
2:35 of 3rd period - Shot Misses the Net.
2:37 of 3rd period - Slapshot by Gage Goncalves.
2:37 of 3rd period - Shot Blocked by Dylan McIlrath.
2:51 of 3rd period - Wrist shot by Nicolas Petan.
2:51 of 3rd period - Stopped by Matt Villalta with a rebound.
2:53 of 3rd period - Snap shot by Matthew Highmore.
2:53 of 3rd period - Stopped by Matt Villalta with a rebound.
2:55 of 3rd period - Snap shot by Nicolas Petan.
2:55 of 3rd period - Stopped by Matt Villalta with a rebound.
2:57 of 3rd period - Snap shot by Carson Soucy.
2:57 of 3rd period - Deflect By Sam Carrick.
2:57 of 3rd period - Stopped by Matt Villalta with a rebound.
3:15 of 3rd period - Snap shot by Alexey Toropchenko.
3:15 of 3rd period - Stopped by Elvis Merzlikins with a rebound.
3:17 of 3rd period - Snap shot by Noel Acciari.
3:17 of 3rd period - Shot Blocked by Radim Simek.
3:33 of 3rd period - Icing by Mikhail Maltsev.
3:34 of 3rd period - Brett Seney wins face-off versus Marian Studenic in Tucson Roadrunners zone.
3:35 of 3rd period - Snap shot by Carl Grundstrom.
3:35 of 3rd period - Stopped by Elvis Merzlikins without a rebound.
3:36 of 3rd period - Brett Seney wins face-off versus Nicolas Petan in Tucson Roadrunners zone.
3:41 of 3rd period - Snap shot by Carl Grundstrom.
3:41 of 3rd period - Stopped by Elvis Merzlikins with a rebound.
3:43 of 3rd period - Wrist shot by Carl Grundstrom.
3:43 of 3rd period - Stopped by Elvis Merzlikins without a rebound.
3:44 of 3rd period - Mark Jankowski wins face-off versus Hudson Fasching in Tucson Roadrunners zone.
3:59 of 3rd period - Snap shot by Carl Grundstrom.
3:59 of 3rd period - Deflect By Hudson Fasching.
3:59 of 3rd period - Stopped by Elvis Merzlikins without a rebound.
4:00 of 3rd period - Noel Acciari wins face-off versus Ross Colton in Tucson Roadrunners zone.
4:13 of 3rd period - Wrist shot by Ross Colton.
4:13 of 3rd period - Shot Misses the Net.
4:15 of 3rd period - Snap shot by Carson Soucy.
4:15 of 3rd period - Stopped by Matt Villalta with a rebound.
4:22 of 3rd period - Icing by Philip Broberg.
4:23 of 3rd period - Noel Acciari wins face-off versus Nicolas Petan in Cape Breton Oilers zone.
4:28 of 3rd period - Nick Seeler is hit by Will Cuylle and loses puck.
4:49 of 3rd period - Vladislav Kolyachonok is hit by Matt Nieto.
4:52 of 3rd period - Off-side.
4:53 of 3rd period - Brett Seney wins face-off versus Ross Colton in neutral zone.
5:18 of 3rd period - Wrist shot by Ross Colton.
5:18 of 3rd period - Stopped by Matt Villalta without a rebound.
5:19 of 3rd period - Noel Acciari wins face-off versus Mikhail Maltsev in Cape Breton Oilers zone.
5:23 of 3rd period - Minor Penalty to Marian Studenic for Hooking.
5:24 of 3rd period - Mark Jankowski wins face-off versus Brett Seney in Tucson Roadrunners zone.
5:29 of 3rd period - Icing by Hudson Fasching.
5:30 of 3rd period - Brett Seney wins face-off versus Ross Colton in Cape Breton Oilers zone.
6:07 of 3rd period - Snap shot by Brett Seney.
6:07 of 3rd period - Stopped by Elvis Merzlikins with a rebound.
6:09 of 3rd period - Slapshot by Kevin Bahl.
6:09 of 3rd period - Stopped by Elvis Merzlikins with a rebound.
6:25 of 3rd period - Snap shot by Hudson Fasching.
6:25 of 3rd period - Stopped by Elvis Merzlikins with a rebound.
6:27 of 3rd period - Slapshot by Philip Broberg.
6:27 of 3rd period - Stopped by Elvis Merzlikins with a rebound.
6:29 of 3rd period - Wrist shot by Hudson Fasching.
6:29 of 3rd period - Goal by Hudson Fasching - Tucson Roadrunners : 5 - Cape Breton Oilers : 5.
6:30 of 3rd period - Mikhail Maltsev wins face-off versus Noel Acciari in neutral zone.
6:32 of 3rd period - Off-side.
6:33 of 3rd period - Mikhail Maltsev wins face-off versus Alexey Toropchenko in neutral zone.
6:36 of 3rd period - Alexey Toropchenko is hit by Anthony Richard.
6:54 of 3rd period - Minor Penalty to Leon Gawanke for High sticking.
6:55 of 3rd period - Luke Evangelista wins face-off versus Mark Jankowski in Cape Breton Oilers zone.
7:24 of 3rd period - Slapshot by Carson Soucy.
7:24 of 3rd period - Stopped by Matt Villalta with a rebound.
7:26 of 3rd period - Slapshot by Ross Colton.
7:26 of 3rd period - Stopped by Matt Villalta with a rebound.
7:28 of 3rd period - Wrist shot by Simon Benoit.
7:28 of 3rd period - Shot Misses the Net.
7:30 of 3rd period - Slapshot by Matt Nieto.
7:30 of 3rd period - Shot Misses the Net.
8:54 of 3rd period - Penalty to Leon Gawanke is over, Leon Gawanke is back on ice.
10:43 of 3rd period - Carson Soucy is hit by Will Cuylle and loses puck.
11:49 of 3rd period - Snap shot by Marian Studenic.
11:49 of 3rd period - Stopped by Matt Villalta without a rebound.
11:50 of 3rd period - Brett Seney wins face-off versus Mikhail Maltsev in Cape Breton Oilers zone.
11:59 of 3rd period - Carl Grundstrom is hit by Anthony Richard and loses puck.
13:04 of 3rd period - Johnathan Kovacevic is hit by Will Cuylle and loses puck.
13:09 of 3rd period - Wrist shot by Will Cuylle.
13:09 of 3rd period - Shot Misses the Net.
13:29 of 3rd period - Slapshot by Will Cuylle.
13:29 of 3rd period - Stopped by Elvis Merzlikins without a rebound.
13:30 of 3rd period - Mark Jankowski wins face-off versus Luke Evangelista in Tucson Roadrunners zone.
13:34 of 3rd period - Off-side.
13:35 of 3rd period - Noel Acciari wins face-off versus Mark Jankowski in neutral zone.
13:42 of 3rd period - Wrist shot by Alexey Toropchenko.
13:42 of 3rd period - Shot Misses the Net.
13:48 of 3rd period - Snap shot by Mark Jankowski.
13:48 of 3rd period - Stopped by Matt Villalta with a rebound.
13:50 of 3rd period - Snap shot by Radim Simek.
13:50 of 3rd period - Stopped by Matt Villalta without a rebound.
13:51 of 3rd period - Brett Seney wins face-off versus Ross Colton in Cape Breton Oilers zone.
14:25 of 3rd period - Snap shot by Luke Evangelista.
14:25 of 3rd period - Stopped by Elvis Merzlikins with a rebound.
14:32 of 3rd period - Icing by Simon Benoit.
14:33 of 3rd period - Parker Kelly wins face-off versus Mikhail Maltsev in Tucson Roadrunners zone.
14:42 of 3rd period - Snap shot by Mikhail Maltsev.
14:42 of 3rd period - Stopped by Matt Villalta with a rebound.
15:06 of 3rd period - Snap shot by Max Jones.
15:06 of 3rd period - Shot Blocked by Simon Benoit.
15:08 of 3rd period - Backhand shot by Max Jones.
15:08 of 3rd period - Deflect By Will Cuylle.
15:08 of 3rd period - Stopped by Elvis Merzlikins without a rebound.
15:09 of 3rd period - Sam Carrick wins face-off versus Benjamin Jones in Tucson Roadrunners zone.
15:31 of 3rd period - Icing by Robert Hagg.
15:32 of 3rd period - Ross Colton wins face-off versus Noel Acciari in Tucson Roadrunners zone.
15:41 of 3rd period - Snap shot by Matt Nieto.
15:41 of 3rd period - Stopped by Matt Villalta without a rebound.
15:42 of 3rd period - Mikhail Maltsev wins face-off versus Parker Kelly in Cape Breton Oilers zone.
15:45 of 3rd period - Snap shot by Marian Studenic.
15:45 of 3rd period - Shot Blocked by William Trudeau.
15:51 of 3rd period - Snap shot by Anthony Richard.
15:51 of 3rd period - Stopped by Matt Villalta with a rebound.
15:53 of 3rd period - Slapshot by Simon Benoit.
15:53 of 3rd period - Deflect By Mikhail Maltsev.
15:53 of 3rd period - Stopped by Matt Villalta with a rebound.
15:57 of 3rd period - Snap shot by Mikhail Maltsev.
15:57 of 3rd period - Stopped by Matt Villalta without a rebound.
15:58 of 3rd period - Sam Carrick wins face-off versus Benjamin Jones in Cape Breton Oilers zone.
16:29 of 3rd period - Slapshot by Will Cuylle.
16:29 of 3rd period - Goal by Will Cuylle - Tucson Roadrunners : 5 - Cape Breton Oilers : 6.
16:30 of 3rd period - Mikhail Maltsev wins face-off versus Parker Kelly in neutral zone.
16:35 of 3rd period - Slapshot by Simon Benoit.
16:35 of 3rd period - Deflect By Anthony Richard.
16:35 of 3rd period - Shot Misses the Net.
16:35 of 3rd period - Puck is out of play.
16:36 of 3rd period - Mikhail Maltsev wins face-off versus Parker Kelly in Cape Breton Oilers zone.
17:08 of 3rd period - Slapshot by Philip Broberg.
17:08 of 3rd period - Shot Hit the Post.
17:10 of 3rd period - Slapshot by Kevin Bahl.
17:10 of 3rd period - Stopped by Elvis Merzlikins with a rebound.
17:12 of 3rd period - Wrist shot by Matt Luff.
17:12 of 3rd period - Shot Misses the Net.
17:48 of 3rd period - Slapshot by Carl Grundstrom.
17:48 of 3rd period - Stopped by Elvis Merzlikins without a rebound.
17:49 of 3rd period - Mark Jankowski wins face-off versus Brett Seney in Tucson Roadrunners zone.
17:49 of 3rd period - Mark Jankowski is hit by William Trudeau.
18:05 of 3rd period - Wrist shot by Carl Grundstrom.
18:05 of 3rd period - Shot Misses the Net.
18:07 of 3rd period - Snap shot by Carl Grundstrom.
18:07 of 3rd period - Stopped by Elvis Merzlikins without a rebound.
18:08 of 3rd period - Parker Kelly wins face-off versus Mikhail Maltsev in Tucson Roadrunners zone.
18:13 of 3rd period - Wrist shot by Will Cuylle.
18:13 of 3rd period - Shot Misses the Net.
18:19 of 3rd period - Snap shot by Max Jones.
18:19 of 3rd period - Shot Misses the Net.
18:21 of 3rd period - Snap shot by Philip Broberg.
18:21 of 3rd period - Deflect By Max Jones.
18:21 of 3rd period - Shot Misses the Net.
18:21 of 3rd period - Puck is out of play.
18:22 of 3rd period - Sam Carrick wins face-off versus Benjamin Jones in Tucson Roadrunners zone.
18:55 of 3rd period - Mikhail Maltsev is hit by Max Jones.
19:31 of 3rd period - Matt Nieto is hit by Noel Acciari.
19:39 of 3rd period - Tucson Roadrunners, Elvis Merzlikins is pulled from the net.
Goals for this period are 0 for Tucson Roadrunners vs 2 for Cape Breton Oilers.
Shots for this period are 17 for Tucson Roadrunners vs 19 for Cape Breton Oilers.
Back to the Top